 Dungeon Sprint DCSS version 0.31-a0-18-gea43df2a32 (webtiles) character file.

Game seed: 3497240622355727565

111 sircluck the Covert (level 5, 0/32 HPs)
             Began as a Kobold Brigand on May 9, 2023.
             Was a Follower of Dithmenos.
             Killed by divine providence
             ... invoked by an orc priest
              (13 damage)
             ... in the Dungeon (Sprint VII: "The Pits").
             The game lasted 00:00:30 (136 turns).

sircluck the Covert (Kobold Brigand)                 Turns: 136, Time: 00:00:31

Health: 0/32       AC:  3    Str:  8    XL:     5   Next: 15%
Magic:  5/5        EV: 14    Int: 13    God:    Dithmenos [*.....]
Gold:   0          SH:  0    Dex: 18    Spells: 4/4 levels left

rFire   . . .        p - +2 dagger (drain)
rCold   . . .        (no shield)
rNeg    . . .        b - +0 robe
rPois   .            (no helmet)
rElec   .            c - +0 cloak
rCorr   .            (no gloves)
SInv    .            (no boots)
Will    .....        (no amulet)
Stlth   +++++++      (no ring)
HPRegen 0.25/turn    (no ring)
MPRegen 0.09/turn

%: no teleportation
@: wreathed by umbra
A: small, no large weapons, nightstalker 3
a: Renounce Religion


You were in the Dungeon.
You worshipped Dithmenos.
Dithmenos was aware of your devotion.
You visited 1 branch

Inventory:

Hand Weapons
 a - a +2 dagger
 p - a +2 dagger of draining (weapon)
Missiles
 d - 9 poisoned darts (quivered)
 e - 3 curare-tipped darts
 o - 10 stones
Armour
 b - a +0 robe (worn)
 c - a +0 cloak (worn)
Scrolls
 k - a scroll of blinking
 m - 5 scrolls of amnesia
 n - a scroll of summoning
Potions
 f - a potion of curing
 g - a potion of heal wounds
 h - a potion of haste
 i - 4 potions of magic
 j - 3 potions of berserk rage
 l - 2 potions of invisibility


   Skills:
 + Level 3.5 Fighting
 + Level 4.9 Short Blades
 + Level 3.6 Throwing
 + Level 1.5 Dodging
 + Level 12.1 Stealth


You had 4 spell levels left.
You didn't know any spells.
Your spell library was empty.

Dungeon Overview and Level Annotations

Branches:
Dungeon (1/1)

Altars:
Ashenzari
Cheibriados
Dithmenos
Elyvilon
Fedhas
Gozag
Hepliaklqana
Kikubaaqudgha
Makhleb
Nemelex Xobeh
Okawaru
Qazlal
Ru
Sif Muna
Trog
Uskayaw
Vehumet
Wu Jian
Xom
Yredelemnul
Zin
The Shining One
Jiyva
Lugonu


Innate Abilities, Weirdness & Mutations

You are small and have problems with some larger weapons.
You are completely attuned to the shadows.


Message History

The gnoll is moderately wounded.
The orc closely misses you. The gnoll hits you with a +0 club.
There are monsters nearby!
Unknown command.
You hit the gnoll. You drain the gnoll.
You kill the gnoll!
Dithmenos accepts your kill. The orc completely misses you.
Your Stealth skill increases to level 12!
There are monsters nearby!
You hit the orc but do no damage.
Unknown command.
There are monsters nearby!
You hit the orc but do no damage. You drain the orc.
The orc is heavily wounded.
The orc priest invokes the aid of Beogh against you.
Beogh smites you! The orc misses you. The orc hits you but does no damage.
The orc barely misses you.
Unknown command.
There are monsters nearby!
Unknown command.
You are too injured to fight recklessly!
There are monsters nearby!
You are too injured to fight recklessly!
The orc attacks as you move away! The orc barely misses you.
You hit the orc. You punch the orc.
The orc is heavily wounded.
You hit the orc. You drain the orc.
The orc is severely wounded.
The orc closely misses you. x2
You hit the orc but do no damage.
The orc is heavily wounded.
You hit the orc.
The orc is severely wounded.
The orc barely misses you. The orc hits you with a +0 flail.
You hit the orc but do no damage.
The orc is severely wounded.
The orc priest calls down the wrath of Beogh upon you.
Beogh smites you!
You die...

#_________.#
#_______...###########++
##########'##.............
#.?..')))'.##......#..#...
##########.##.............
#...........'.............
#+#####'#####......#..#...
#..#†.##.............
+..o@.#####'#####++##
####o###.......##++#
...oo.##.......##...
....o.##.......##....
##+#####...<...##...Y
#.......# #.......#
#.......# #########


You could see an orc priest and 4 orcs.

Vanquished Creatures
  A floating eye (D)
  A gnoll (D)
  An adder skeleton (D)
  An endoplasm (D)
  A bat (D)
5 creatures vanquished.

Notes
Turn   | Place    | Note
-------+----------+-------------------------------------------
     0 | D        | sircluck the Kobold Brigand began the quest for the Orb.
     0 | D        | Reached XP level 1. HP: 12/12 MP: 1/1
    17 | D        | Noticed a sky beast
    36 | D        | Reached skill level 6 in Stealth
    76 | D        | Found a bloodstained altar of Trog.
    76 | D        | Found a shimmering blue altar of Sif Muna.
    76 | D        | Found a viscous altar of Jiyva.
    76 | D        | Found a hazy altar of Hepliaklqana.
    76 | D        | Found an opulent altar of Gozag.
    77 | D        | Found a glowing golden altar of the Shining One.
    77 | D        | Found a glowing silver altar of Zin.
    77 | D        | Found a sacrificial altar of Ru.
    77 | D        | Found a stormy altar of Qazlal.
    77 | D        | Found a blossoming altar of Fedhas.
    79 | D        | Found a basalt altar of Yredelemnul.
    79 | D        | Found an iron altar of Okawaru.
    79 | D        | Found a white marble altar of Elyvilon.
    80 | D        | Found a shimmering altar of Xom.
    80 | D        | Found a sparkling altar of Nemelex Xobeh.
    80 | D        | Found a shadowy altar of Dithmenos.
    81 | D        | Found an ornate altar of the Wu Jian Council.
    81 | D        | Found a burning altar of Makhleb.
    81 | D        | Found a snail-covered altar of Cheibriados.
    83 | D        | Found a corrupted altar of Lugonu.
    83 | D        | Found a radiant altar of Vehumet.
    85 | D        | Found a broken altar of Ashenzari.
    85 | D        | Found an ancient bone altar of Kikubaaqudgha.
    85 | D        | Found a hide-covered altar of Uskayaw.
    87 | D        | Became a worshipper of Dithmenos the Shadowed
   119 | D        | Noticed a floating eye
   123 | D        | Killed a floating eye
   123 | D        | Reached * piety under Dithmenos
   124 | D        | Reached skill level 11 in Stealth
   124 | D        | Reached XP level 2. HP: 19/19 MP: 2/2
   124 | D        | Reached XP level 3. HP: 23/23 MP: 3/3
   124 | D        | Reached XP level 4. HP: 28/28 MP: 4/4
   124 | D        | Reached XP level 5. HP: 32/32 MP: 5/5
   129 | D        | Reached skill level 12 in Stealth
   136 | D        | Killed from afar by an orc priest

Illustrated notes

Levels and vault maps discovered:
D:        pitsprint [storerooms_1, entrance_room_1, metal_vault_4, armoury_3,
          mini_pit_1, grid_room_1, main_hall_1, silver_pit, the_coven_1,
          the_vestibule_1, steel_vault_3, golden_pit, hallway_of_sentries,
          crystal_vault_1, iron_vault_3, final_vault]

Skill      XL: |  1  2  3  4  5 |
---------------+----------------+-----
Stealth        | 11 12 | 12.1
Fighting       | 3 |  3.5
Short Blades   | 4 |  4.9
Throwing       | 3 |  3.6
Dodging        | |  1.5

Action                     |  1- 3 |  4- 6 || total
---------------------------+-------+-------++-------
  Melee: Dagger            |     5 |    10 ||    15
         Punch             |       |     1 ||     1
   Stab: Sleeping          |     3 |       ||     3
 Armour: Robe              |       |     1 ||     1
  Dodge: Dodged            |     1 |    10 ||    11

Table legend: (Time is in decaauts)
 A = Elapsed time spent in this place.
 B = Non-inter-level travel time spent in this place.
 C = Inter-level travel time spent in this place.
 D = Time resting spent in this place.
 E = Time spent auto-exploring this place.
 F = Levels seen in this place.
 G = Mean time per level.
                   A        B        C        D        E       F      G
               +--------+--------+--------+--------+--------+-----+--------+
         Total |    132 |    121 |     11 |      0 |     20 |   1 |  132.0 |
       Dungeon |    132 |    121 |     11 |      0 |     20 |   1 |  132.0 |
               +--------+--------+--------+--------+--------+-----+--------+

Top non-repeatable levels by time:
       D: 132 daAuts
